Unix NetHack Version 3.7.0-102 Work-in-progress - last build Apr 6 2024 13:22:21 (d302a6a9ff6341f1a922d8f5af178406b35fdf99,branch:master). Game began 2024-04-30 14:45:22, ended 2024-04-30 15:00:53. radiology, chaotic male elven Wizard --- h --..| G --...| |..<.| |.--- ||. |.-------|. ....%.....0 ...---..>. .-- ----. Radiology the Conjurer St:11 Dx:12 Co:14 In:19 Wi:9 Ch:12 Chaotic S:1252 Dlvl:3 $:62 HP:0(37) Pw:45(45) AC:8 Xp:5/195 T:2927 Latest messages: You finish eating the newt corpse. You feel a mild buzz. With great effort you move the boulder. Where do you want to travel to? (For instructions type a '?') What do you want to eat? [pq or ?*] You don't have that object. What do you want to eat? [pq or ?*] You cannot eat that! What do you want to drop? [$a-qs-zA-CF-ILM or ?*] You drop a brass ring. You swap places with your kitten. What do you want to drop? [$a-qs-zABF-ILM or ?*] You drop a clay ring. The kitten picks up a clay ring. The kitten drops a clay ring. C - a brass ring. F - a clay ring. What do you want to wear? [*] Which ring-finger, Right or Left? [rl] C - a brass ring (on left hand). What do you want to wear? [*] F - a clay ring (on right hand). You descend the stairs. The kitten misses the gnome. The kitten bites the gnome. You hit the gnome. The kitten misses the gnome. The kitten bites the gnome. The gnome is killed! O - an expensive camera. Click! You trigger a rolling boulder trap! You are hit by a boulder! The gnome shoots 2 arrows! You are hit by the 1st arrow. You are hit by the 2nd arrow! You kill the gnome! You descend the stairs. You climb up the stairs. The gnome plays a horn directed at you! There is a gnome corpse here; eat it? [ynq] (n) This gnome corpse tastes okay. You stop eating the gnome corpse. There is a partly eaten gnome corpse here; eat it? [ynq] (n) You resume your meal. The gnome plays a frost horn directed at you! You stop eating the gnome corpse. The bolt of cold hits you! You die... Do you want your possessions identified? [ynq] (y) Inventory: Coins $ - 62 gold pieces Weapons s - a blessed +0 dagger y - 2 +0 daggers v - a +0 orcish dagger a - a blessed +1 quarterstaff (weapon in hands) Armor M - an uncursed +0 orcish helm (being worn) b - an uncursed +0 cloak of magic resistance (being worn) Comestibles q - 3 uncursed slime molds p - 2 uncursed food rations Scrolls k - an uncursed scroll of create monster u - an uncursed scroll of destroy armor I - an uncursed scroll of earth H - a cursed scroll of earth x - an uncursed scroll of enchant armor w - a cursed scroll of enchant weapon i - 3 uncursed scrolls of identify B - an uncursed scroll of remove curse j - 2 uncursed scrolls of teleportation Spellbooks l - a blessed spellbook of force bolt m - an uncursed spellbook of knock Potions f - 3 uncursed potions of healing z - a blessed potion of paralysis g - an uncursed potion of sleeping h - an uncursed potion of water Rings C - an uncursed ring of conflict (on left hand) e - an uncursed ring of free action F - an uncursed ring of slow digestion (on right hand) d - an uncursed ring of teleport control Wands t - a wand of digging (0:7) G - a wand of locking (0:8) c - a wand of speed monster (0:7) L - a wand of speed monster (0:4) Tools o - an uncursed leather drum O - a cursed expensive camera (0:70) n - a magic marker (0:22) A - a +0 pick-axe Radiology the Wizard's attributes: Background: You were a Conjurer, a level 5 male elven Wizard. You were chaotic, nominally on a mission for Anhur who was opposed by Ptah (lawful) and Thoth (neutral). You were right-handed. You were in the Gnomish Mines, on level 3. You entered the dungeon 2927 turns ago. You had 195 experience points, 125 more were needed to attain level 6. Your score was 1252 before end-of-game adjustments. Basics: You had 0 out of 37 hit points. You had all 45 energy points (spell power). Your armor class was 8. Your wallet contained 62 zorkmids. Autopickup was on for '$?!/(' plus thrown, with exceptions. Final Characteristics: Your strength was 11 (limit:18). Your dexterity was 12 (limit:18). Your constitution was 14 (limit:16). Your intelligence was 19 (limit:20). Your wisdom was 9 (limit:20). Your charisma was 12 (limit:18). Final Status: You weren't hungry. You were unencumbered. You were wielding a quarterstaff. You had basic skill with quarterstaff. Final Attributes: You were piously aligned. You were magic-protected. You were sleep resistant. You were telepathic. You had infravision. You caused conflict. You had slower digestion. You were warded. You are dead. Miscellaneous: You never encountered a bones level. Total elapsed playing time was 15 minutes and 31 seconds. Major events: Turn 1: radiology the chaotic male elven Wizard entered the dungeon 1038: attained the rank of Conjurer (level 3) 1912: entered Sokoban 2244: completed 1st Sokoban level 2901: entered the Gnomish Mines 2927: killed by a bolt of cold played by a gnome Vanquished creatures: a yellow light a gnome leader a gray ooze a giant ant 2 floating eyes 3 dwarves 2 rothes a dwarf zombie 2 iguanas an acid blob 2 hobbits a giant rat 3 gnomes a gnome zombie 5 geckos 3 jackals 2 goblins a sewer rat 3 grid bugs 2 bats 2 lichens 7 newts 47 creatures vanquished. No species were genocided or became extinct. Voluntary challenges: You were an atheist. You read items or engraved 3 times. You never engraved Elbereth. You never genocided any monsters. You never polymorphed an object. You never changed form. You used no wishes. You did not violate any of the special Sokoban rules. Achievements: You attained the rank of Conjurer. You entered Sokoban. You entered the Gnomish Mines. The Dungeons of Doom: levels 1 to 9 Level 1: A fountain. Level 2: Stairs down to The Gnomish Mines. Level 3: Level 4: A fountain. Level 5: Many fountains. Oracle of Delphi. Level 6: A fountain. Stairs up to Sokoban, level 5. Level 7: A fountain, a grave. Level 8: Level 9: The Gnomish Mines: levels 3 to 4 Level 3: <- You were here. Final resting place for you, killed by a bolt of cold played by a gnome. Level 4: Sokoban: levels 5 up to 4 Level 4: Unsolved. Level 5: Solved. Game over: ---------- / \ / REST \ / IN \ / PEACE \ / \ | radiology | | 62 Au | | killed by a bolt | | of cold played | | by a gnome | | | | 2024 | *| * * * | * _________)/\\_//(\/(/\)/\//\/|_)_______ Goodbye radiology the Wizard... You died in The Gnomish Mines on dungeon level 3 with 1246 points, and 62 pieces of gold, after 2927 moves. You were level 5 with a maximum of 37 hit points when you died.